 Dungeon Crawl Stone Soup version 0.18.1-50-g88ac8fd (webtiles) character file.

21 Nordron the Ruffian (level 2, -2/25 HPs)
             Began as a Naga Transmuter on Sept 29, 2016.
             Slain by an orc
             ... wielding a +0 hand axe
              (5 damage)
             ... on level 1 of the Dungeon.
             The game lasted 00:04:18 (1158 turns).

Nordron the Ruffian (Naga Transmuter)               Turns: 1158, Time: 00:04:18

Health: -2/25      AC:  1    Str: 12    XL:     2   Next: 83%
Magic:  4/5        EV: 10    Int: 13    God:
Gold:   17         SH:  0    Dex: 11    Spells: 1 memorised, 4 levels left

rFire  . . .     SeeInvis +       - Unarmed
rCold  . . .     Gourm    .     b - +0 robe
rNeg   . . .     Faith    .     (no shield)
rPois  +         Spirit   .     (no helmet)
rElec  .         Dismiss  .     (no cloak)
rCorr  .         Reflect  .     (no gloves)
SustAt .         Harm     .     (no barding)
MR     .....                    (no amulet)
Stlth  +.........               (no ring)
                                (no ring)

@: appendage, very slow, not resistant to hostile enchantments, very unstealthy
A: horns 2, see invisible, deformed body, poison resistance, slowness 2, slow
metabolism 1, spit poison 2, AC +0
a: Spit Poison, End Transformation


You were on level 1 of the Dungeon.
You were not hungry.
You had grown temporary horns.
You visited 1 branch of the dungeon, and saw 1 of its levels.

You collected 17 gold pieces.

Inventory:

Missiles
 a - 41 arrows
Armour
 b - a +0 robe (worn)
Scrolls
 e - 2 scrolls of noise {unknown}
 h - a scroll of enchant weapon {unknown}
 j - a scroll of identify {unknown}
Potions
 f - a potion of magic {unknown}
 g - a potion of resistance {unknown}
Books
 c - a book of Changes

   Spells                             Type                      Level
   a - Beastly Appendage              Transmutation                1
   b - Sticks to Snakes               Transmutation                2
   c - Spider Form                    Transmutation/Poison         3
   d - Ice Form                       Ice/Transmutation            4
   e - Blade Hands                    Transmutation                5
Comestibles
 d - a bread ration
 i - 8 chunks of flesh


   Skills:
 - Level 1.0 Fighting
 - Level 1.5 Dodging
 + Level 3.2 Unarmed Combat
 - Level 2.0 Spellcasting
 * Level 3.0 Transmutations


You had 4 spell levels left.
You knew the following spells:

 Your Spells              Type           Power        Failure   Level  Hunger
a - Beastly Appendage     Trmt           #.....       10%         1    ##.....


Dungeon Overview and Level Annotations

Branches:
Dungeon (1/15)

Altars:


Innate Abilities, Weirdness & Mutations

You cannot wear boots.
Your serpentine skin is tough (AC +0).
You have supernaturally acute eyesight.
Armour fits poorly on your strangely shaped body.
Your system is resistant to poisons.
You cover ground very slowly.
You have a slow metabolism.
You can spit poison.
You have a pair of horns on your head.


Message History

You closely miss the orc.
The orc is severely wounded.
Your horns disappear.
Casting: Beastly Appendage
Confirm with . or Enter, or press ? or * to list all spells.
You grow a pair of large bovine horns.
The orc barely misses you.
You closely miss the orc.
The orc is heavily wounded.
The orc hits you but does no damage.
You hit the orc but do no damage.
The orc is heavily wounded.
The orc hits you with a hand axe.
* * * LOW HITPOINT WARNING * * *
You hit the orc.
The orc is severely wounded.
The orc barely misses you.
You hit the orc.
The orc is almost dead.
The orc hits you with a hand axe.
You die...

.....^...).#
#..##.######..# #..#
#..# #..## #..# #..#
.## # #..# . #..#
...# #..# ... #..#
#.# #..#
.....##..####.#(##..#
. .....ho@.)...#
#....#...
.)...##.###.##
##....... ... #.#
##.###.......# . #.#
##.#.######.# #.#
##.## .# #.# ### #
#.. ###


You could see an orc and a jackal.

Vanquished Creatures
  A dart slug (D:1)
  A giant cockroach (D:1)
  3 goblins (D:1)
  4 hobgoblins (D:1)
  A jackal (D:1)
  2 bats (D:1)
  3 giant newts (D:1)
  2 kobolds (D:1)
  2 rats (D:1)
19 creatures vanquished.

Notes
Turn   | Place    | Note
--------------------------------------------------------------
     0 | D:1      | Nordron the Naga Transmuter began the quest for the Orb.
     0 | D:1      | Reached XP level 1. HP: 18/18 MP: 3/3
   695 | D:1      | Reached XP level 2. HP: 9/25 MP: 3/5
  1158 | D:1      | Slain by an orc

Skill      XL: |  1  2 |
---------------+-------+-----
Transmutations | 3 |  3.0
Fighting       | |  1.0
Dodging        | |  1.5
Unarmed Combat | |  3.2
Spellcasting   | |  2.0

Action                   || total
-------------------------++-------
Melee: Unarmed           ||    90
       Headbutt          ||     6
 Cast: Beastly Appendage ||    17
Armor: Robe              ||     5
Dodge: Dodged            ||    40
